 Dungeon Crawl Stone Soup version 0.23-a0-356-g1757c6e (webtiles) character file.

56 MisterFreud the Sneak (level 3, -6/15 HPs)
             Began as a Felid Artificer on Oct 21, 2018.
             Mangled by a gnoll
             ... wielding a +0 halberd
              (8 damage)
             ... on level 2 of the Dungeon.
             The game lasted 00:02:51 (1411 turns).

MisterFreud the Sneak (Felid Artificer)             Turns: 1411, Time: 00:02:52

Health: -6/15      AC:  1    Str:  9    XL:     3   Next: 71%
Magic:  6/6        EV: 18    Int: 12    God:
Gold:   67         SH:  0    Dex: 16    Spells: 2/2 levels left
                                        Lives:  0   Deaths: 0

rFire    . . .     SeeInvis +     - Unarmed
rCold    . . .     Gourm    .   (shield unavailable)
rNeg     . . .     Faith    .   (armour unavailable)
rPois    .         Spirit   .   (helmet unavailable)
rElec    .         Reflect  .   (cloak unavailable)
rCorr    .         Harm     .   (gloves unavailable)
MR       .....                  (boots unavailable)
Stlth    +++.......             (no amulet)
HPRegen  0.05/turn              (no ring)
MPRegen  0.10/turn              (no ring)

@: quick
A: very small, no armour, no weapons or thrown items, stealth, claws 1, fangs 3,
see invisible, carnivore, speed 1, shaggy fur 1, slow metabolism 1, sharp paws
a: no special abilities


You were on level 2 of the Dungeon.
You were completely stuffed.

You visited 1 branch of the dungeon, and saw 2 of its levels.

You collected 67 gold pieces.

Inventory:

Wands
 a - a wand of flame (13)
 b - a wand of enslavement (15)
 c - a wand of random effects (15)
Potions
 e - a potion of magic {unknown}
 g - a potion of degeneration {unknown}
Comestibles
 d - 3 rations


   Skills:
 - Level 1.0 Fighting
 - Level 2.6 Dodging
 + Level 5.3 Stealth
 - Level 1.0 Unarmed Combat
 - Level 3.2 Evocations


You had 2 spell levels left.
You didn't know any spells.
Your spell library was empty.

Dungeon Overview and Level Annotations

Branches:
Dungeon (2/15)

Altars:


Innate Abilities, Weirdness & Mutations

You cannot wear armour.
You are incapable of wielding weapons or throwing items.
Your paws allow you to move quietly. (Stealth)
You have sharp claws.
You have razor-sharp teeth.
You have supernaturally acute eyesight. (SInv)
You are carnivorous and can eat meat at any time.
You cover ground quickly.
You are covered in fur. (AC +1)
You have a slow metabolism.
Your sharp claws are effective at attacking unaware monsters.


Message History

2 gnolls come into view.
Found a ration.
A gnoll comes into view. It is wielding a +0 spear.
You pounce on the unaware helpless gnoll!
You claw the gnoll!
You kill the gnoll!
The helpless gnoll fails to defend itself.
You claw the gnoll! You bite the gnoll, but do no damage.
The gnoll is severely wounded.
The gnoll hits you with a +0 spear.
The gnoll shouts! x2
The gnoll misses you. The gnoll hits you but does no damage.
You scratch the gnoll.
The gnoll is lightly wounded.
The gnoll hits you with a +0 spear!
Ouch! That really hurt!
* * * LOW HITPOINT WARNING * * *
The gnoll misses you. The gnoll hits you with a +0 halberd!
Ouch! That really hurt!
You die...

. .
..$.............#
#########.........#
#
..................#
.
..................#
#
.........##########
............# .
............# #
............#
.......@....#
......gg....#
....%g...####
.........#
..######## #


You could see 3 gnolls.

Vanquished Creatures
  An adder (D:2)
  A gnoll (D:2)
  A dart slug (D:1)
  5 bats (D:1)
  2 giant cockroaches (D:1)
  4 goblins
  6 hobgoblins
  5 kobolds (D:1)
  6 frilled lizards (D:1)
  3 rats (D:1)
34 creatures vanquished.

Notes
Turn   | Place    | Note
-------+----------+-------------------------------------------
     0 | D:1      | MisterFreud the Felid Artificer began the quest for the
                  | Orb.
     0 | D:1      | Reached XP level 1. HP: 9/9 MP: 4/4
   129 | D:1      | Reached skill level 2 in Stealth
   169 | D:1      | Reached skill level 3 in Stealth
   174 | D:1      | Reached XP level 2. HP: 12/12 MP: 5/5
   456 | D:1      | Reached skill level 4 in Stealth
   575 | D:1      | Reached XP level 3. HP: 8/15 MP: 6/6
  1194 | D:2      | Reached skill level 5 in Stealth
  1411 | D:2      | Mangled by a gnoll

Vault maps used:
D:1:      giann_horns, st_stairs_13, hangedman_glass_teeth, skrybe_limestone_x,
          chequers_serial_rivers_small_3, chequers_serial_rivers_micro_b,
          minmay_misc_feat_five
D:2:      minmay_diamond_boxcup

Skill      XL: |  1  2  3 |
---------------+----------+-----
Stealth        | 3 4 5 |  5.3
Fighting       | |  1.0
Dodging        | |  2.6
Unarmed Combat | |  1.0
Evocations     | |  3.2

Action                   || total
-------------------------++-------
Melee: Unarmed           ||    97
       Punch             ||     1
       Bite              ||     9
Evoke: Wand              ||     2
  Use: Scroll            ||     5
 Stab: Sleeping          ||     8
  Eat: Chunk             ||     8
Armor: Skin              ||     6
Dodge: Dodged            ||    74

Table legend:
 A = Non-vault XP
 B = Vault XP
 C = Vault XP percentage of total XP
 D = Non-vault monster count
 E = Vault monster count
 F = Vault count percentage of total count
                 A         B        C        D         E       F
            +---------+---------+-------+---------+---------+-------
      Total |      77 |       4 |   4.9 |      32 |       2 |   5.9
            +---------+---------+-------+---------+---------+-------
        D:1 |      45 |       4 |   8.2 |      27 |       2 |   6.9
        D:2 |      32 |       0 |   0.0 |       5 |       0 |   0.0
            +---------+---------+-------+---------+---------+-------
